 Dungeon Crawl Stone Soup version 0.25-a0-460-g4f2eb97ec1 (webtiles) character file.

Game seed: 3099413714817980008, levelgen mode: deterministic

50 Nattfarinn the Sneak (level 4, 0/27 HPs)
             Began as a Kobold Assassin on Feb 3, 2020.
             Succumbed to an adder's poison
             ... on level 2 of the Dungeon.
             The game lasted 00:02:16 (965 turns).

Nattfarinn the Sneak (Kobold Assassin)               Turns: 965, Time: 00:02:17

Health: 0/27       AC:  3    Str:  8    XL:     4   Next: 4%
Magic:  13/13      EV: 15    Int: 12    God:
Gold:   86         SH:  0    Dex: 17    Spells: 3/3 levels left

rFire    . . .     SeeInvis .   a - +2 dagger
rCold    . . .     Gourm    .   (shield restricted)
rNeg     . . .     Faith    +   b - +0 robe
rPois    .         Spirit   .   (no helmet)
rElec    .         Reflect  .   c - +0 cloak
rCorr    .         Harm     .   (no gloves)
MR       .....                  (no boots)
Stlth    +++.......             h - amulet of faith
HPRegen  0.09/turn              i - ring of magical power
MPRegen  0.13/turn              (no ring)

@: lethally poisoned (0 -> -8), hasted, very quick
A: small, carnivore
a: no special abilities


You were on level 2 of the Dungeon.
You were very full.

You visited 1 branch of the dungeon, and saw 2 of its levels.

You collected 86 gold pieces.

Inventory:

Hand Weapons
 a - a +2 dagger (weapon)
 j - a +1 vorpal hand axe
Missiles
 d - 8 poisoned darts (quivered)
 e - 2 curare-tipped darts
Armour
 b - a +0 robe (worn)
 c - a +0 cloak (worn)
Jewellery
 h - an amulet of faith (around neck)
 i - a ring of magical power (left hand)
Scrolls
 g - a scroll of noise {unknown}
 m - 2 scrolls of identify {unknown}
Comestibles
 f - 2 rations


   Skills:
 + Level 2.7 Fighting
 + Level 3.3 Short Blades
 - Level 2.1 Throwing
 + Level 2.2 Dodging
 * Level 6.2 Stealth


You had 3 spell levels left.
You didn't know any spells.
Your spell library was empty.

Dungeon Overview and Level Annotations

Branches:
Dungeon (2/15)

Altars:
Kikubaaqudgha

Annotations:
D:2 2 transporters


Innate Abilities, Weirdness & Mutations

You are small and have problems with some larger weapons.
You are carnivorous and can eat meat at any time.


Message History

You feel sick.
* * * LOW HITPOINT WARNING * * *
You feel sick.
* * * LOW HITPOINT WARNING * * *
You feel sick.
* * * LOW HITPOINT WARNING * * *
You feel sick.
An adder comes into view.
* * * LOW HITPOINT WARNING * * *
You feel sick.
The adder hisses angrily.
You hit the jackal but do no damage.
* * * LOW HITPOINT WARNING * * *
You feel sick. The jackal barely misses you.
You hit the jackal.
The jackal is severely wounded.
The jackal completely misses you. The adder misses you.
You hit the jackal.
You kill the jackal!
You die...

...###.........####......#
.........#.....####.####..
..####.##......[. ###.#
#.#####...######.#.# ##.#
#....####......# ..# #..#
#.........#...## ...
#.####......###..#.# ....
####.###h.....# #..##.#
..... ####...gh.@S...<.#
#.###.#
.....##.†.....S###.....# #.#
#.#
.?.........######......###.#
#.# ....#..####
#..##.<....###.# .. ##.#
#...###.#........# #.# #...
#.##.......# ... ...
#........>.# ##..#
.##.####..#.#####.# #h..
............# .#


You could see 2 adders, 2 jackals and a goblin.

Vanquished Creatures
  An adder (D:2)
  A worm (D:2)
  3 leopard geckos
  3 giant cockroaches
  2 goblins (D:1)
  5 hobgoblins
  3 jackals
  A ball python (D:1)
  5 bats
  2 frilled lizards (D:1)
  3 kobolds (D:1)
  6 rats
35 creatures vanquished.

Notes
Turn   | Place    | Note
-------+----------+-------------------------------------------
     0 | D:1      | Nattfarinn the Kobold Assassin began the quest for the Orb.
     0 | D:1      | Reached XP level 1. HP: 12/12 MP: 1/1
   199 | D:1      | Reached XP level 2. HP: 18/18 MP: 2/2
   593 | D:1      | Reached XP level 3. HP: 20/22 MP: 3/3
   841 | D:2      | Reached skill level 6 in Stealth
   875 | D:2      | Found a transporter.
   877 | D:2      | Found a transporter.
   894 | D:2      | Noticed a wight
   898 | D:2      | Found an ancient bone altar of Kikubaaqudgha.
   953 | D:2      | Reached XP level 4. HP: 11/27 MP: 4/4
   963 | D:2      | HP: 1/27 [poisoned by an adder]
   965 | D:2      | Succumbed to an adder's poison

Levels and vault maps discovered:
D:1:      nicolae_arrival_memento_mori, layout_rooms, serial_park_tiny_pond,
          minmay_pentomino_w4
D:2:      layout_rooms, gammafunk_temple_overflow_arena, serial_glass,
          glass_columns_a, glass_columns_a

Skill      XL: |  1  2  3 |
---------------+----------+-----
Short Blades   | 3 |  3.3
Dodging        | 2 |  2.2
Stealth        | 6 |  6.2
Fighting       | |  2.7
Throwing       | |  2.1

Action                   |  1- 3 |  4- 6 || total
-------------------------+-------+-------++-------
Melee: Dagger            |   100 |     3 ||   103
       Hand axe          |    18 |       ||    18
  Use: Scroll            |     1 |       ||     1
       Potion            |     2 |       ||     2
 Stab: Sleeping          |     5 |       ||     5
  Eat: Chunk             |     8 |       ||     8
Armor: Robe              |    29 |       ||    29
Dodge: Dodged            |   110 |     4 ||   114

Table legend:
 A = Non-vault XP
 B = Vault XP
 C = Vault XP percentage of total XP
 D = Non-vault monster count
 E = Vault monster count
 F = Vault count percentage of total count
                 A         B        C        D         E       F
            +---------+---------+-------+---------+---------+-------
      Total |      66 |       6 |   8.3 |      31 |       4 |  11.4
            +---------+---------+-------+---------+---------+-------
        D:1 |      37 |       6 |  14.0 |      23 |       4 |  14.8
        D:2 |      29 |       0 |   0.0 |       8 |       0 |   0.0
            +---------+---------+-------+---------+---------+-------
